 Dungeon Crawl Stone Soup version 0.28-a0-998-gb9e9c7b67e (webtiles) character file.

Game seed: 13848949417250022878

11074 Armakuni the Cruncher (level 11, -4/72 HPs)
             Began as a Deep Elf Gladiator on Dec 5, 2021.
             Was a Believer of Vehumet.
             Slain by a tengu warrior (13 damage)
             ... on level 10 of the Dungeon.
             The game lasted 00:21:54 (9347 turns).

Armakuni the Cruncher (Deep Elf Gladiator)          Turns: 9347, Time: 00:21:54

Health: -4/72      AC:  8    Str: 15    XL:     11   Next: 44%
Magic:  17/17      EV: 15    Int: 20    God:    Vehumet [**....]
Gold:   519        SH:  5    Dex: 22    Spells: 13/16 levels left

rFire   . . .      SeeInvis .   b - +3 lajatang (vamp)
rCold   . . .      Faith    .   (shield currently unavailable)
rNeg    . . .      Spirit   .   o - +0 troll leather armour
rPois   .          Reflect  +   c - +1 helmet
rElec   .          Harm     .   (no cloak)
rCorr   .          Rampage  .   i - +0 pair of gloves
Will    +....                   (no boots)
Stlth   ++........              H - amulet of reflection
HPRegen 1.02/turn               D - +6 ring of dexterity
MPRegen 0.15/turn               I - +6 ring of intelligence

@: mighty
A: no striking features
a: Renounce Religion


You were on level 10 of the Dungeon.
You worshipped Vehumet.
Vehumet was pleased with you.
You visited 2 branches of the dungeon, and saw 11 of its levels.

You collected 519 gold pieces.

Inventory:

Hand Weapons
 a - a +7 lajatang of electrocution
 b - a +3 vampiric lajatang (weapon)
 d - a +2 scimitar of flaming
Armour
 c - a +1 helmet (worn)
 i - a +0 pair of gloves (worn)
 o - a +0 troll leather armour (worn)
 t - a +0 plate armour
Jewellery
 D - a +6 ring of dexterity (left hand)
 H - an amulet of reflection (around neck)
 I - a +6 ring of intelligence (right hand)
Wands
 k - a wand of digging (7)
 v - a wand of flame (5) (quivered)
Scrolls
 j - a scroll of enchant armour
 l - 4 scrolls of identify
 m - 2 scrolls of immolation
 p - 3 scrolls of teleportation
 s - a scroll of noise
Potions
 e - a potion of might
 f - a potion of brilliance {unknown}
 g - a potion of curing
 h - 4 potions of attraction {unknown}
 n - 3 potions of mutation {unknown}
 r - a potion of flight {unknown}


   Skills:
 - Level 10.0 Fighting
 - Level 12.0 Staves
 - Level 2.0 Throwing
 - Level 5.0 Armour
 - Level 5.0 Dodging
 + Level 3.1 Spellcasting
 + Level 2.5 Conjurations
 + Level 2.5 Earth Magic


You had 13 spell levels left.
You knew the following spells:

 Your Spells              Type           Power      Damage    Failure   Level
z - Stone Arrow           Conj/Erth      26%        3d8       17%         3

Your spell library contained the following spells:

 Spells                   Type           Power      Damage    Failure   Level
 Conjure Flame            Conj/Fire      8%         6-21      30%         3
 Sandblast                Erth           26%        2d8       6%          1
 Shock                    Conj/Air       32%        1d5       10%         1
 Passwall                 Tmut/Erth      6%         N/A       16%         2
 Pain                     Necr           12%        1d4       17%         1
 Summon Small Mammal      Summ           12%        N/A       17%         1
 Call Canine Familiar     Summ           3%         N/A       45%         3
 Summon Guardian Golem    Hex/Summ       3%         N/A       45%         3
 Swiftness                Air            3%         N/A       45%         3
 Hailstorm                Conj/Ice       8%         3d4       69%         4
 Airstrike                Air            1%         N/A       86%         4
 Ice Form                 Ice/Tmut       3%         N/A       86%         4
 Agony                    Necr           3%         N/A       99%         5
 Excruciating Wounds      Necr           1%         N/A       99%         5
 Simulacrum               Ice/Necr       1%         N/A       100%        6


Dungeon Overview and Level Annotations

Branches:
Dungeon (10/15)            Temple (1/1) D:7            Lair (0/6) D:8
    Orc: D:9-12

Altars:
Ashenzari
Cheibriados
Dithmenos
Elyvilon
Fedhas
Gozag
Hepliaklqana
Kikubaaqudgha
Makhleb
Nemelex Xobeh
Okawaru
Qazlal
Ru
Sif Muna
Trog
Uskayaw
Vehumet
Wu Jian
Xom
Yredelemnul
Zin
The Shining One

Annotations:
D:5 2 runed translucent doors, Athor's ghost, amateur FoBr
D:10 Urug


Message History

The faun is severely wounded.
The tengu warrior completely misses you.
You slice the faun!!
You kill the faun!
Vehumet accepts your kill.
You feel your power returning.
The tengu warrior hits you from afar with a +0 bardiche!
* * * LOW HITPOINT WARNING * * *
Your Spellcasting skill increases to level 3!
The tengu warrior hits you with a +0 bardiche!
* * * LOW HITPOINT WARNING * * *
The tengu warrior pecks you.
* * * LOW HITPOINT WARNING * * *
The tengu warrior closely misses you.
You barely miss the tengu warrior.
You feel better.
The tengu warrior hits you with a +0 bardiche!
* * * LOW HITPOINT WARNING * * *
The tengu warrior pecks you.
* * * LOW HITPOINT WARNING * * *
The tengu warrior barely misses you.
You slice the tengu warrior!!
You feel better.
The tengu warrior is moderately wounded.
The tengu warrior misses you. You block the tengu warrior's attack.
The tengu warrior closely misses you.
You slash the tengu warrior!
The tengu warrior is severely wounded.
The tengu warrior hits you with a +0 bardiche.
* * * LOW HITPOINT WARNING * * *
The tengu warrior pecks you but does no damage.
The tengu warrior barely misses you.
You barely miss the tengu warrior.
The tengu warrior is severely wounded.
You block the tengu warrior's attack. The tengu warrior pecks you.
* * * LOW HITPOINT WARNING * * *
The tengu warrior barely misses you.
You hit the tengu warrior.
You feel better.
The tengu warrior is severely wounded.
The tengu warrior hits you with a +0 bardiche!
You die...

.. ..#.y#[.#Q(....o.#..#
...Z
..c..#.....###...o....
.... ....###...!.
.....o... ..#
#.......#..#$.#.#####
.[#######.......#######.#
..#..#(.#($###$.#).# .#
.....#......#......# ..#
.#..###..# #$.#Q.###...#
##.......#######@.......#
.#.......#..#..#.......##
....###.....#..†)..#..##
.....#.....###...###..#
..#..#..#..).........>#
..#######..............
).#..# #........#######
..)..#.....[.....#
..))###..........#


You could see a tengu warrior.

Vanquished Creatures
  Erica (D:9)
  Pikel (D:5)
  A faun (shapeshifter) (D:10)
  4 centaur zombies
  3 gargoyles (D:10)
  2 hornets (D:10)
  3 trolls
  4 wraiths
  4 wyverns (D:8)
  A basilisk (D:8)
  Eustachio (D:6)
  A steam dragon (D:8)
  9 yaks
  A vampire mosquito (D:10)
  Menkaure (D:5)
  5 water moccasins (D:8)
  An acid dragon (D:8)
  2 ice beasts
  7 orc warriors
  A black bear (D:5)
  2 ogres
  A phantom (D:6)
  5 centaurs
  2 lemures (D:5)
  4 bullfrogs
  A water moccasin skeleton (D:4)
  4 killer bees (D:8)
  8 wights
  A bullfrog zombie (D:6)
  A hound (D:4)
  9 orc priests
  A gnoll shaman (D:6)
  Ijyb (D:5)
  11 orc wizards
  Terence (D:2)
  2 howler monkey zombies
  2 adders
  5 gnolls (D:6)
  An ufetubus (D:6)
  3 adder skeletons
  2 worms
  A dart slug (D:1)
  42 orcs
  5 endoplasms
  A giant cockroach (D:2)
  4 goblins
  7 hobgoblins
  2 jackals (D:2)
  4 quokkas
  7 ball pythons
  3 bats
  12 frilled lizards
  12 kobolds
  6 rats
226 creatures vanquished.

Vanquished Creatures (others)
  A fungus (D:8)
  13 plants (D:8)
14 creatures vanquished.

Grand Total: 240 creatures vanquished

Notes
Turn   | Place    | Note
-------+----------+-------------------------------------------
     0 | D:1      | Armakuni the Deep Elf Gladiator began the quest for the
                  | Orb.
     0 | D:1      | Reached XP level 1. HP: 12/12 MP: 3/3
   210 | D:1      | Reached XP level 2. HP: 10/17 MP: 4/4
  1005 | D:1      | Reached XP level 3. HP: 21/21 MP: 5/5
  1268 | D:1      | Identified a scroll of acquirement
  1268 | D:1      | Acquired a +6 lajatang of electrocution
  1414 | D:2      | Noticed Terence
  1429 | D:2      | Killed Terence
  1430 | D:2      | Reached XP level 4. HP: 14/27 MP: 6/6
  2675 | D:4      | Reached skill level 4 in Staves
  2829 | D:4      | Noticed an orc warrior
  2845 | D:4      | Killed an orc warrior
  2846 | D:4      | Reached skill level 5 in Dodging
  2846 | D:4      | Reached XP level 5. HP: 11/32 MP: 7/7
  2936 | D:4      | Reached XP level 6. HP: 34/37 MP: 8/8
  3035 | D:4      | Reached skill level 5 in Staves
  3483 | D:5      | Entered Level 5 of the Dungeon
  3485 | D:5      | Noticed Pikel
  3490 | D:5      | Noticed Ijyb
  3842 | D:5      | Found a runed translucent door.
  3847 | D:5      | Noticed Athor's ghost (amateur FoBr)
  3965 | D:6      | Noticed Eustachio
  3975 | D:5      | Reached XP level 7. HP: 43/44 MP: 9/9
  3984 | D:6      | Killed Eustachio
  3985 | D:6      | Reached skill level 1 in Armour
  4143 | D:5      | Reached skill level 5 in Fighting
  4143 | D:5      | Reached skill level 6 in Staves
  4143 | D:5      | Reached XP level 8. HP: 43/49 MP: 10/10
  5181 | D:5      | Reached skill level 7 in Staves
  5188 | D:5      | Killed Pikel
  5227 | D:5      | Killed Ijyb
  5295 | D:5      | Noticed Menkaure
  5299 | D:5      | Killed Menkaure
  5300 | D:5      | Reached XP level 9. HP: 51/55 MP: 11/11
  5320 | D:5      | Found a runed translucent door.
  5937 | D:7      | Found a staircase to the Ecumenical Temple.
  5944 | Temple   | Entered the Ecumenical Temple
  6042 | Temple   | Became a worshipper of Vehumet
  6229 | D:7      | Learned a level 3 spell: Stone Arrow
  6386 | D:8      | Reached skill level 8 in Staves
  6409 | D:8      | Reached skill level 5 in Armour
  6429 | D:8      | Reached skill level 9 in Staves
  6436 | D:8      | HP: 2/58 [wyvern (14)]
  6689 | D:8      | Reached XP level 10. HP: 59/64 MP: 12/12
  6729 | D:8      | Found a staircase to the Lair.
  6960 | D:8      | Reached * piety under Vehumet
  6960 | D:8      | Offered knowledge of Foxfire by Vehumet.
  7247 | D:8      | Found a glowing silver altar of Zin.
  7456 | D:8      | Reached skill level 10 in Staves
  7967 | D:9      | Noticed Erica
  7979 | D:9      | Killed Erica
  8325 | D:8      | Acquired a +3 vampiric lajatang
  8375 | D:9      | Reached ** piety under Vehumet
  8379 | D:9      | Offered knowledge of Searing Ray by Vehumet.
  8380 | D:9      | Reached skill level 11 in Staves
  8787 | D:10     | Entered Level 10 of the Dungeon
  8805 | D:10     | Reached XP level 11. HP: 68/70 MP: 13/13
  9109 | D:10     | Reached skill level 10 in Fighting
  9146 | D:10     | Reached skill level 12 in Staves
  9154 | D:10     | Noticed Urug
  9170 | D:10     | Reached skill level 1 in Spellcasting
  9224 | D:10     | Reached skill level 1 in Conjurations
  9224 | D:10     | Reached skill level 1 in Earth Magic
  9235 | D:10     | Offered knowledge of Conjure Flame by Vehumet.
  9314 | D:10     | Noticed a tengu warrior
  9343 | D:10     | HP: 2/72 [tengu warrior (3)]
  9347 | D:10     | Slain by a tengu warrior

Illustrated notes

Levels and vault maps discovered:
D:1:      dpeg_arrival_orchard, layout_loops_ring, minmay_lizard_pond
D:2:      layout_rooms, grunt_ministairs_14, uniq_terence
D:3:      layout_basic
D:4:      layout_basic
D:5:      layout_gridville, ebering_ghost_sewer_f, uniq_pikel, uniq_menkaure,
          uniq_ijyb
D:6:      layout_loops_ring, kennysheep_pointless_box, uniq_eustachio
D:7:      layout_cave_pools, minmay_temple_entry_statues_fountains,
          minmay_misc_feat_square
D:8:      layout_loops_ring, mainiacjoe_overflow_tiny_flanked,
          minmay_lair_entry_grove, special_room [special_room_orc]
D:9:      layout_loops_ring, uniq_erica
D:10:     hangedman_cross_cluster, layout_long_grid, uniq_urug
Temple:   kilobyte_greek_temple

Skill      XL: |  1  2  3  4  5  6  7  8  9 10 11 |
---------------+----------------------------------+-----
Dodging        | 4 5 |  5.0
Fighting       | 2 3 4 5 6 7 9 10 | 10.0
Staves         | 4 5 6 7 9 11 12 | 12.0
Armour         | 2 4 5 |  5.0
Spellcasting   | 3 |  3.1
Conjurations   | 2 |  2.5
Earth Magic    | 2 |  2.5
Throwing       | |  2.0

Action                   |  1- 3 |  4- 6 |  7- 9 | 10-12 || total
-------------------------+-------+-------+-------+-------++-------
Melee: Quarterstaff      |    75 |       |       |       ||    75
       Lajatang          |    23 |   112 |   103 |   256 ||   494
Throw: Throwing net      |     1 |     5 |     1 |     5 ||    12
Evoke: Wand              |       |       |    26 |     9 ||    35
  Use: Scroll            |     4 |     2 |     5 |     7 ||    18
       Potion            |       |     1 |     6 |     4 ||    11
 Stab: Sleeping          |     1 |       |       |       ||     1
       Held in net/web   |       |       |     1 |     4 ||     5
Armor: Leather armour    |     5 |       |       |       ||     5
       Ring mail         |    31 |     2 |       |       ||    33
       Scale mail        |       |    57 |    41 |     9 ||   107
       Troll leather arm |       |       |       |    30 ||    30
Dodge: Dodged            |    48 |    49 |    62 |   128 ||   287
Block: Other             |       |       |    23 |    49 ||    72
       Reflection        |       |       |       |     4 ||     4

Table legend: (Time is in decaauts)
 A = Elapsed time spent in this place.
 B = Non-inter-level travel time spent in this place.
 C = Inter-level travel time spent in this place.
 D = Time resting spent in this place.
 E = Time spent auto-exploring this place.
 F = Levels seen in this place.
 G = Mean time per level.
                   A        B        C        D        E       F      G
               +--------+--------+--------+--------+--------+-----+--------+
         Total |   9348 |   9024 |    324 |   1659 |   5550 |  11 |  849.8 |
       Dungeon |   9211 |   8924 |    287 |   1659 |   5462 |  10 |  921.1 |
        Temple |    136 |     99 |     37 |      0 |     88 |   1 |  136.0 |
               +--------+--------+--------+--------+--------+-----+--------+

Top non-repeatable levels by time:
     D:1: 1340 daAuts
     D:8: 1318 daAuts
     D:4: 1249 daAuts
     D:6: 1053 daAuts
     D:9: 940 daAuts
     D:2: 820 daAuts
     D:5: 780 daAuts
     D:7: 727 daAuts
     D:3: 528 daAuts
    D:10: 453 daAuts
  Temple: 136 daAuts
